 Dungeon Crawl Stone Soup version 0.23.2-40-g277498a001 (webtiles) character file.

Game seed: 8013980832522611661

17591 Curus the Basher (level 12, -3/115 HPs)
             Began as a Minotaur Berserker on Oct 20, 2019.
             Was a High Priest of Trog.
             Slain by a red draconian
             ... wielding a +1 halberd of flaming
              (15 damage)
             ... in a volcano.
             The game lasted 00:50:09 (10735 turns).

Curus the Basher (Minotaur Berserker)              Turns: 10735, Time: 00:50:10

Health: -3/115     AC: 25    Str: 28    XL:     12   Next: 20%
Magic:  11/11      EV:  9    Int:  7    God:    Trog [*****.]
Gold:   908        SH:  0    Dex: 11    Spells: 11/11 levels left

rFire    . . .     SeeInvis .   Q - +2 great mace (flame)
rCold    . . .     Gourm    +   (shield currently unavailable)
rNeg     + . .     Faith    .   A - +3 plate armour of Nocir {rN+ Stlth+}
rPois    +         Spirit   .   (helmet restricted)
rElec    .         Reflect  .   w - +1 cloak {MR+}
rCorr    +         Harm     .   (no gloves)
MR       +++..                  B - +2 pair of boots {Stlth+}
Stlth    ..........             D - amulet of the gourmand
HPRegen  1.29/turn              N - ring of resist corrosion
MPRegen  0.12/turn              t - ring of poison resistance

@: mighty, berserk cooldown, regenerating, slowed, studying Axes, very slow
A: retaliatory headbutt, horns 2
a: Berserk, Trog's Hand, Brothers in Arms, Renounce Religion


You were in a volcano.
You worshipped Trog.
Trog was extremely pleased with you.
You were not hungry.

You visited 2 branches of the dungeon, and saw 11 of its levels.
You also visited: Bailey and Volcano.

You collected 908 gold pieces.

Inventory:

Hand Weapons
 a - a +0 mace
 i - a +0 flail
 l - a +1 morningstar
 x - a +1 dire flail
 P - a +1 great mace of flaming
 Q - a +2 great mace of flaming (weapon)
Armour
 b - a +0 animal skin
 e - a +6 plate armour
 q - a +2 cloak of invisibility
 w - a +1 cloak of magic resistance (worn)
 y - a +0 pair of boots
 A - the +3 plate armour of Nocir (worn) {rN+ Stlth+}
   (You took it off an orc in a bailey)

   It protects you from negative energy.
   It makes you more stealthy.
 B - a +2 pair of boots of stealth (worn)
 E - a +0 shield
Jewellery
 k - an uncursed amulet of harm
 s - an uncursed ring of see invisible
 t - a ring of poison resistance (right hand)
 u - an uncursed ring of wizardry
 D - an amulet of the gourmand (around neck)
 K - a +2 ring of protection
 M - an uncursed ring of ice
 N - a ring of resist corrosion (left hand)
Wands
 h - a wand of digging (4)
 m - a wand of acid (23)
 p - a wand of flame (46)
 C - a wand of iceblast (7)
 F - a wand of random effects (12)
 H - a wand of disintegration (13)
 O - a wand of polymorph (8)
Scrolls
 d - 8 scrolls of remove curse
 g - 5 scrolls of teleportation
 o - 8 scrolls of identify
 G - 2 scrolls of fear
 J - a scroll of magic mapping
Potions
 f - 7 potions of curing
 j - a potion of cancellation
 n - a potion of ambrosia
 z - 2 potions of resistance
 I - 2 potions of heal wounds
 L - a potion of magic
Books
 v - a manual of Axes
Comestibles
 c - 25 rations


   Skills:
 + Level 13.3 Fighting
 - Level 14.9 Maces & Flails
 + Level 13.1 Armour
 - Level 2.1 Dodging


You had 11 spell levels left.
You didn't know any spells.
Your spell library was empty.

Dungeon Overview and Level Annotations

Branches:
Dungeon (10/15)            Temple (0/1) D:4            Lair (1/6) D:10
    Orc (0/2) D:9

Altars:
Gozag
Hepliaklqana
Makhleb
Nemelex Xobeh
Okawaru
Qazlal
Sif Muna
Beogh
Lugonu

Annotations:
D:9 2 transporters, Prince Ribbit


Innate Abilities, Weirdness & Mutations

You reflexively headbutt those who attack you in melee.
You have a pair of horns on your head.


Message History

The two-headed ogre hits you but does no damage.
The two-headed ogre hits you with a +2 great mace of flaming.
The two-headed ogre burns you.
You feel very mighty all of a sudden.
The red draconian breathes flames at you.
The searing blast hits you!!
* * * LOW HITPOINT WARNING * * *
The two-headed ogre hits you with a cursed -3 giant club!
* * * LOW HITPOINT WARNING * * *
The two-headed ogre closely misses you.
The red draconian hits you with a +1 halberd of flaming!
* * * LOW HITPOINT WARNING * * *
The red draconian burns you.
* * * LOW HITPOINT WARNING * * *
Unknown command.
Your plate armour of Nocir prevents you from hitting the red draconian.
The red draconian is heavily wounded.
The two-headed ogre hits you but does no damage. x2
The red draconian hits you with a +1 halberd of flaming!
You die...

§§≈≈§§...#.....##.#
§≈≈§.....#.....8).#
≈§§.....##..⌠..#..#
§§≈...#####...##[.#
≈§≈...## ##)#####'#
≈§....8###..)#)...##
≈≈.......'.∩)).._..#
......8###...#.O..##
.....### ##+####@##
....## #d$# .####
#!$# ## 8[$# ##.# ##


You could see a red draconian and a two-headed ogre.

Vanquished Creatures
  Fannar (D:10)
  A hydra (Lair:1)
  5 two-headed ogres
  An ogre mage (Volcano)
  A centaur zombie (D:10)
  Maurice (D:10)
  A molten gargoyle (Volcano)
  Joseph (D:10)
  3 spiny frogs (Lair:1)
  A kobold demonologist (D:9)
  2 trolls
  The ghost of weresquid the Slasher, an amateur DrGl (D:4)
  Grinder (D:3)
  3 hippogriffs
  7 fire bats (Volcano)
  3 hogs (D:9)
  A human (D:9)
  2 steam dragons (D:5)
  14 yaks
  Duvessa (D:5)
  4 sky beasts
  An ice beast (D:5)
  6 orc warriors
  A black bear (D:7)
  A hornet zombie (D:7)
  A phantom (D:6)
  3 wolves (Lair:1)
  5 centaurs
  4 ogres
  A crocodile (D:9)
  4 big kobolds
  4 bullfrogs
  Dowan (D:5)
  3 scorpions
  4 killer bees (D:10)
  2 electric eels (D:8)
  3 crimson imps
  5 lava snakes (Volcano)
  4 jellies
  5 hounds
  2 bullfrog skeletons
  A centaur skeleton (D:8)
  2 orc wizards
  A quasit (D:9)
  6 orc priests
  Crazy Yiuf (D:3)
  3 iguanas
  Ijyb (D:5)
  Natasha (thrice) (D:2)
  3 worker ants
  A killer bee zombie (D:8)
  2 hound skeletons
  16 adders
  7 gnolls
  3 shadow imps
  An ooze (D:2)
  2 adder zombies
  2 adder skeletons (D:5)
  3 worms
  4 dart slugs
  4 leopard geckos
  73 orcs
  2 ball pythons (D:5)
  2 giant cockroaches
  3 hobgoblins
  12 jackals
  16 kobolds
  5 bats
  2 frilled lizards
  8 goblins
  A leopard gecko skeleton (D:4)
  A leopard gecko zombie (D:5)
  A quokka skeleton (D:5)
  6 rats
313 creatures vanquished.

Vanquished Creatures (others)
  3 fungi (D:5)
3 creatures vanquished.

Grand Total: 316 creatures vanquished

Notes
Turn   | Place    | Note
-------+----------+-------------------------------------------
     0 | D:1      | Curus the Minotaur Berserker began the quest for the Orb.
     0 | D:1      | Reached XP level 1. HP: 19/19 MP: 0/0
   313 | D:1      | Reached skill level 4 in Maces & Flails
   365 | D:1      | Reached XP level 2. HP: 26/26 MP: 1/1
   830 | D:2      | Noticed Natasha
   837 | D:2      | Killed Natasha
   837 | D:2      | Reached skill level 5 in Maces & Flails
   837 | D:2      | Reached XP level 3. HP: 31/31 MP: 2/2
   957 | D:2      | Reached skill level 6 in Maces & Flails
   957 | D:2      | Reached XP level 4. HP: 20/39 MP: 3/3
   971 | D:2      | Noticed Natasha
   977 | D:2      | Killed Natasha
   977 | D:2      | Reached ** piety under Trog
  1246 | D:2      | Noticed Natasha
  1255 | D:2      | Killed Natasha
  1255 | D:2      | Reached skill level 7 in Maces & Flails
  1255 | D:2      | Reached XP level 5. HP: 45/45 MP: 4/4
  1578 | D:3      | Noticed Grinder
  1598 | D:3      | Killed Grinder
  1598 | D:3      | Reached skill level 8 in Maces & Flails
  1598 | D:3      | Reached XP level 6. HP: 28/51 MP: 5/5
  1686 | D:3      | Reached skill level 9 in Maces & Flails
  1717 | D:3      | Found a runed translucent door.
  1718 | D:3      | Noticed Crazy Yiuf
  2158 | D:3      | Reached *** piety under Trog
  2226 | D:3      | Killed Crazy Yiuf
  2264 | D:4      | Found a staircase to the Ecumenical Temple.
  2277 | D:4      | Reached XP level 7. HP: 54/57 MP: 6/6
  2459 | D:4      | Found a runed translucent door.
  2464 | D:4      | Noticed weresquid's ghost (amateur DrGl)
  2847 | D:4      | Found a stormy altar of Qazlal.
  2992 | D:4      | Reached skill level 10 in Maces & Flails
  3094 | D:4      | Killed weresquid's ghost
  3094 | D:4      | Reached skill level 11 in Maces & Flails
  3141 | D:5      | Entered Level 5 of the Dungeon
  3255 | D:5      | Reached XP level 8. HP: 45/64 MP: 7/7
  3302 | D:5      | Noticed Ijyb
  3314 | D:5      | Killed Ijyb
  3671 | D:5      | Reached skill level 12 in Maces & Flails
  3867 | D:5      | Reached **** piety under Trog
  3878 | D:5      | Reached skill level 13 in Maces & Flails
  4259 | D:5      | Noticed Dowan
  4260 | D:5      | Noticed Duvessa
  4265 | D:5      | Killed Dowan
  4273 | D:5      | Killed Duvessa
  4282 | D:5      | Found a hazy altar of Hepliaklqana.
  4553 | D:5      | Reached XP level 9. HP: 51/70 MP: 8/8
  4562 | D:5      | Reached skill level 14 in Maces & Flails
  4919 | D:6      | Found an opulent altar of Gozag.
  5036 | D:6      | Found a sparkling altar of Nemelex Xobeh.
  5136 | D:7      | Found a flagged portal.
  5184 | Bailey   | Entered a bailey
  5453 | Bailey   | Identified the +3 plate armour of Nocir {rN+ Stlth+}
  6314 | D:7      | Reached skill level 5 in Fighting
  6423 | D:7      | Found a burning altar of Makhleb.
  6504 | D:7      | Reached skill level 5 in Armour
  6994 | D:8      | Reached XP level 10. HP: 58/84 MP: 9/9
  7729 | D:9      | Noticed a two-headed ogre
  7746 | D:9      | Killed a two-headed ogre
  7751 | D:9      | Noticed Prince Ribbit
  8081 | D:9      | Found a corrupted altar of Lugonu.
  8081 | D:9      | Noticed a cyan ugly thing
  8357 | D:9      | Found a transporter.
  8358 | D:9      | Found a transporter.
  8359 | D:9      | Noticed a cyan ugly thing
  8417 | D:9      | Noticed a rust devil
  8497 | D:9      | Found a roughly hewn altar of Beogh.
  8497 | D:9      | Found a staircase to the Orcish Mines.
  8508 | D:9      | Reached ***** piety under Trog
  8767 | D:9      | Found a deep blue altar of Sif Muna.
  8935 | D:9      | Found an iron altar of Okawaru.
  8955 | D:10     | Entered Level 10 of the Dungeon
  8978 | D:10     | Noticed Maurice
  8990 | D:10     | Killed Maurice
  8990 | D:10     | Reached skill level 10 in Fighting
  9011 | D:10     | Reached XP level 11. HP: 63/99 MP: 10/10
  9323 | D:10     | Reached skill level 10 in Armour
  9337 | D:10     | Noticed Joseph
  9347 | D:10     | Killed Joseph
  9370 | D:10     | Noticed Fannar
  9398 | D:10     | Killed Fannar
 10068 | D:10     | Found a staircase to the Lair.
 10073 | Lair:1   | Entered Level 1 of the Lair of Beasts
 10073 | Lair:1   | Noticed a four-headed hydra
 10083 | Lair:1   | Killed a four-headed hydra
 10122 | Lair:1   | Received a gift from Trog
 10286 | Lair:1   | Found a dark tunnel.
 10294 | Volcano  | Entered a volcano
 10510 | Volcano  | Noticed a two-headed ogre
 10510 | Volcano  | Noticed a two-headed ogre
 10514 | Volcano  | Killed a two-headed ogre
 10536 | Volcano  | Found a burning altar of Makhleb.
 10536 | Volcano  | Noticed an ogre mage
 10536 | Volcano  | Noticed a two-headed ogre
 10537 | Volcano  | Noticed a two-headed ogre
 10541 | Volcano  | Killed a two-headed ogre
 10541 | Volcano  | Reached XP level 12. HP: 71/113 MP: 11/11
 10544 | Volcano  | Killed an ogre mage
 10544 | Volcano  | Received a gift from Trog
 10546 | Volcano  | Killed a two-headed ogre
 10550 | Volcano  | Killed a two-headed ogre
 10725 | Volcano  | Noticed a red draconian
 10731 | Volcano  | Noticed a two-headed ogre
 10735 | Volcano  | Slain by a red draconian

Skill      XL: |  1  2  3  4  5  6  7  8  9 10 11 12 |
---------------+-------------------------------------+-----
Maces & Flails | 4 5 6 7 8 9 11 13 14 | 14.9
Fighting       | 6 10 12 13 | 13.3
Armour         | 5 9 12 13 | 13.1
Dodging        | |  2.1

Action                   |  1- 3 |  4- 6 |  7- 9 | 10-12 || total
-------------------------+-------+-------+-------+-------++-------
Melee: Mace              |    60 |    44 |       |       ||   104
       Headbutt          |     4 |    21 |    63 |    88 ||   176
       Flail             |       |    41 |       |       ||    41
       Morningstar       |       |    53 |   184 |       ||   237
       Dire flail        |       |       |   137 |   465 ||   602
       Great mace        |       |       |       |    20 ||    20
Invok: Berserk           |       |     1 |     2 |     6 ||     9
       Trog's Hand       |       |     1 |     3 |     1 ||     5
Evoke: Wand              |       |       |     1 |     4 ||     5
  Use: Scroll            |     4 |     4 |     7 |     6 ||    21
       Potion            |     4 |     1 |     4 |     5 ||    14
  Eat: Chunk             |       |     6 |    13 |    17 ||    36
       Ration            |       |       |     2 |       ||     2
Armor: Animal skin       |     1 |       |       |       ||     1
       Plate armour      |    38 |    80 |   208 |   328 ||   654
Dodge: Dodged            |    20 |    61 |   137 |   169 ||   387
Block: Shield            |       |       |    11 |       ||    11
